 Dungeon Crawl Stone Soup version 0.19.1-1-g22dce08 (webtiles) character file.

133 Mesmaeker13 the Firebug (level 5, -1/28 HPs)
             Began as a Gargoyle Fire Elementalist on Jan 18, 2017.
             Killed by divine providence
             ... invoked by an orc priest
              (11 damage)
             ... on level 4 of the Dungeon.
             The game lasted 00:06:11 (2260 turns).

Mesmaeker13 the Firebug (GrFE)                      Turns: 2260, Time: 00:06:11

Health: -1/28      AC:  6    Str: 12    XL:     5   Next: 16%
Magic:  1/8        EV: 12    Int: 16    God:
Gold:   94         SH:  0    Dex:  7    Spells: 3 memorised, 2 levels left

rFire  . . .     SeeInvis .     k - +0 hand axe
rCold  . . .     Gourm    .     x - +0 robe (curse)
rNeg   + . .     Faith    .     (no shield)
rPois  ∞         Spirit   .     (no helmet)
rElec  +         Reflect  .     (no cloak)
rCorr  .         Harm     .     (no gloves)
MR     .....                    (no boots)
Stlth  ++........               o - amulet of inaccuracy (curse)
                                (no ring)
                                d - -3 ring of dexterity (curse)

@: very slightly contaminated
A: negative energy resistance 1, electricity resistance, unbreathing,
petrification resistance, rot immunity, AC +4
a: no special abilities


You were on level 4 of the Dungeon.
You were hungry.

You visited 1 branch of the dungeon, and saw 4 of its levels.

You collected 94 gold pieces.

Inventory:

Hand Weapons
 k - a +0 hand axe (weapon)
 n - a +0 dagger
 t - a +0 blowgun
Missiles
 w - 4 poisoned needles
Armour
 x - a cursed +0 robe (worn)
Jewellery
 d - a cursed -3 ring of dexterity (left hand)
 o - a cursed amulet of inaccuracy (around neck)
Wands
 s - a wand of slowing (32/48)
Scrolls
 l - a scroll of magic mapping
Potions
 f - 2 potions of flight
 g - a potion of haste {unknown}
 h - 2 potions of curing
 i - a potion of cancellation {unknown}
 p - a potion of brilliance
 q - a potion of might {unknown}
 r - a potion of ambrosia {unknown}
 v - a potion of resistance {unknown}
Books
 b - a book of Flames

   Spells                             Type                      Level
   a - Flame Tongue                   Conjuration/Fire             1
   b - Throw Flame                    Conjuration/Fire             2
   c - Conjure Flame                  Conjuration/Fire             3
   d - Inner Flame                    Hexes/Fire                   3
   e - Sticky Flame                   Conjuration/Fire             4
   f - Fireball                       Conjuration/Fire             5
Comestibles
 c - 3 bread rations
 m - a meat ration
 u - a slice of pizza


   Skills:
 + Level 2.8 Dodging
 - Level 2.1 Stealth
 - Level 2.0 Spellcasting
 + Level 3.1 Conjurations
 + Level 3.9 Fire Magic


You had 2 spell levels left.
You knew the following spells:

 Your Spells              Type           Power        Failure   Level  Hunger
a - Flame Tongue          Conj/Fire      ##...        6%          1    #......
b - Throw Flame           Conj/Fire      ##....       10%         2    ###....
c - Conjure Flame         Conj/Fire      ##......     14%         3    ###....


Dungeon Overview and Level Annotations

Branches:
Dungeon (4/15)
 Temple: D:4-7

Altars:
Elyvilon


Innate Abilities, Weirdness & Mutations

You are resistant to torment.
Your stone body is resilient. (AC +4)
You are immune to poison.
You resist negative energy. (rN+)
You are resistant to electric shocks. (rElec)
You can survive without breathing.
You are immune to petrification.
You are immune to rotting.


Message History

Unknown command.
Evoke which item? (* to show all) (? for menu, Esc to quit)
Zapping:
s - a wand of slowing (will waste charges)
Press: ? - help, Shift-Dir - straight line, f/p - orc priest
Aim: an orc priest, wielding a whip (heavily wounded, chance to defeat MR: 51%)
The orc priest seems to slow down.
Evoking this partially-identified wand wasted a few charges.
The orc priest barely misses you. 3 jackals come into view.
The jackal barks! x4
The jackal moves out of view.
The orc priest mumbles some strange prayers to Beogh against you.
Pain shoots through your body!
A worker ant comes into view.
Okay, then.
The worker ant twitches its antennae in your direction.
The jackal completely misses you.
The orc priest mumbles some strange prayers to Beogh against you.
Beogh smites you!
You die...

############
#..........#
##..........#
#...........###
#.............. ##
#####..........#####...
##<[##....O.............
....##....o.............
.##.###.######..@.......
###..##)# #hhh.......
.....##(# #..h.......
##......## #.a........
#.....))#####..........
#.....O................
#...##.####.#..........
#..##..# #............
#..#.#.. .........


You could see an ogre, a worker ant, an orc priest and 4 jackals.

Vanquished Creatures
  An orc wizard (D:4)
  3 adders
  An ooze (D:2)
  3 worms (D:2)
  2 dart slugs (D:1)
  4 leopard geckos
  5 orcs
  2 giant cockroaches
  5 goblins
  5 hobgoblins
  2 jackals (D:1)
  6 kobolds
  A quokka (D:2)
  A ball python (D:2)
  3 bats
  3 frilled lizards
  3 rats
50 creatures vanquished.

Notes
Turn   | Place    | Note
-------+----------+-------------------------------------------
     0 | D:1      | Mesmaeker13 the Gargoyle Fire Elementalist began the quest for the Orb.
     0 | D:1      | Reached XP level 1. HP: 10/10 MP: 3/3
   143 | D:1      | Reached XP level 2. HP: 15/15 MP: 0/5
   685 | D:2      | Reached XP level 3. HP: 19/19 MP: 4/6
   698 | D:2      | Found a white marble altar of Elyvilon.
   744 | D:2      | Found a white marble altar of Elyvilon.
  1090 | D:2      | Reached XP level 4. HP: 23/24 MP: 2/7
  1591 | D:3      | Learned a level 2 spell: Throw Flame
  1595 | D:3      | Learned a level 3 spell: Conjure Flame
  1703 | D:4      | HP: 1/24 [orc (2)]
  2241 | D:4      | Reached XP level 5. HP: 11/28 MP: 3/8
  2250 | D:4      | Noticed an ogre
  2260 | D:4      | Killed from afar by an orc priest

Skill      XL: |  1  2  3  4 |
---------------+-------------+-----
Dodging        | 2 |  2.8
Conjurations   | 2 3 |  3.1
Stealth        | |  2.1
Spellcasting   | |  2.0
Fire Magic     | |  3.9

Action                   |  1- 3 |  4- 6 || total
-------------------------+-------+-------++-------
Melee: Hand axe          |    50 |    38 ||    88
       Unarmed           |     4 |       ||     4
 Cast: Flame Tongue      |    46 |    44 ||    90
Evoke: Wand              |       |     1 ||     1
  Use: Scroll            |       |     5 ||     5
  Eat: Chunk             |     1 |     4 ||     5
Armor: Robe              |    19 |    23 ||    42
Dodge: Dodged            |    51 |    49 ||   100
